 Dungeon Crawl Stone Soup version 0.23.2-40-g277498a001 (webtiles) character file.

Game seed: 3872369449606787803

1825 Destapler the Covert (level 8, -10/43 HPs)
             Began as a Deep Elf Fire Elementalist on Sept 8, 2019.
             Was a Follower of Makhleb.
             Mangled by a wyvern (17 damage)
             ... on level 8 of the Dungeon.
             The game lasted 01:06:21 (8604 turns).

Destapler the Covert (Deep Elf Fire Elementalist)   Turns: 8604, Time: 01:06:22

Health: -10/43     AC:  5    Str:  6    XL:     8   Next: 86%
Magic:  17/17      EV: 14    Int: 24    God:    Makhleb [*.....]
Gold:   332        SH:  0    Dex: 15    Spells: 6/17 levels left

rFire    . . .     SeeInvis .   a - +1 dagger (vamp)
rCold    . . .     Gourm    .   (no shield)
rNeg     . . .     Faith    .   k - +0 robe
rPois    .         Spirit   .   h - +1 helmet
rElec    .         Reflect  .   d - scarf {repulsion}
rCorr    .         Harm     .   (no gloves)
MR       .....                  L - +0 pair of boots
Stlth    ++++......             (no amulet)
HPRegen  0.14/turn              i - +2 ring of intelligence
MPRegen  0.15/turn              A - ring of wizardry

@: repel missiles
A: no striking features
a: Renounce Religion


You were on level 8 of the Dungeon.
You worshipped Makhleb.
Makhleb was aware of your devotion.
You were not hungry.

You visited 2 branches of the dungeon, and saw 9 of its levels.
You also visited: Sewer.

You collected 469 gold pieces.
You spent 137 gold pieces at shops.

Inventory:

Hand Weapons
 a - a +1 vampiric dagger (weapon)
Missiles
 b - 262 stones (quivered)
 r - 5 tomahawks
 D - 7 javelins
Armour
 d - a scarf of repulsion (worn)
 h - a +1 helmet (worn)
 k - a +0 robe (worn)
 t - a +0 cloak
 L - a +0 pair of boots (worn)
Jewellery
 i - a +2 ring of intelligence (left hand)
 s - an uncursed ring of ice
 A - a ring of wizardry (right hand)
 E - an uncursed ring of see invisible
Wands
 j - a wand of random effects (22)
 v - a wand of polymorph (6)
 C - a wand of enslavement (16)
 N - a wand of digging (7)
Scrolls
 g - 4 scrolls of teleportation
 m - 3 scrolls of identify
 w - 2 scrolls of amnesia {unknown}
 y - 2 scrolls of remove curse {unknown}
 z - a scroll of magic mapping
 G - a scroll of blinking
 H - a scroll of holy word {unknown}
 I - a scroll of brand weapon {unknown}
 J - a scroll of enchant armour
Potions
 e - a potion of might {unknown}
 f - a potion of heal wounds
 l - 8 potions of flight
 n - a potion of curing {unknown}
 o - 2 potions of ambrosia
 p - a potion of brilliance {unknown}
 q - a potion of haste {unknown}
 u - a potion of agility
 x - 2 potions of magic {unknown}
 B - 3 potions of cancellation
 F - a potion of resistance {unknown}
 M - 2 potions of mutation {unknown}
Comestibles
 c - 6 rations
 K - 6 chunks of flesh


   Skills:
 * Level 1.4 Fighting
 + Level 5.9 Short Blades
 - Level 4.0 Dodging
 + Level 8.9 Stealth
 + Level 5.1 Spellcasting
 + Level 4.0 Conjurations
 + Level 4.2 Fire Magic
 - Level 3.0 Evocations


You had 6 spell levels left.
You knew the following spells:

 Your Spells              Type           Power        Failure   Level  Hunger
a - Flame Tongue          Conj/Fire      ####.        1%          1    None
b - Fireball              Conj/Fire      ####......   17%         5    #####..
c - Conjure Flame         Conj/Fire      ####....     1%          3    ##.....
f - Throw Flame           Conj/Fire      ####..       1%          2    None

Your spell library contained the following spells:

 Spells                   Type           Power        Failure   Level  Hunger
 Inner Flame              Hex/Fire       ###.....     4%          3    ##.....
 Sticky Flame             Conj/Fire      ####....     6%          4    ####...


Dungeon Overview and Level Annotations

Branches:
Dungeon (8/15)             Temple (1/1) D:6
   Lair: D:8-11

Altars:
Ashenzari
Cheibriados
Dithmenos
Elyvilon
Fedhas
Gozag
Hepliaklqana
Kikubaaqudgha
Makhleb
Nemelex Xobeh
Okawaru
Qazlal
Ru
Sif Muna
Trog
Uskayaw
Vehumet
Wu Jian
Xom
Yredelemnul
Zin
The Shining One

Shops:
D:5 }   D:6 }   D:8 *

Annotations:
D:3 Grinder


Message History

The bullfrog closely misses you. The wyvern bites you! The bullfrog hits you.
The sky beast flickers out of sight!
Deactivating autopickup; reactivate with Ctrl-A.
The wyvern misses you.
A sky beast appears from thin air!
Reactivating autopickup.
The wyvern misses you. The bullfrog closely misses you.
The wyvern barely misses you. The bullfrog completely misses you.
The wyvern bites you! The bullfrog completely misses you.
The wyvern barely misses you. The bullfrog completely misses you.
The bullfrog hits you. The wyvern bites you!
* * * LOW HITPOINT WARNING * * *
Found a ration.
The bullfrog hits you.
* * * LOW HITPOINT WARNING * * *
The wyvern bites you!
You die...

.<......## #....##
........# #....# ..###..##
##..## ###.....# #..#
#....<..## #..##
....##...#### #Y..###.%
.#####÷.....#####.........
## #..#......##lF....... #
#.⌠.⌠##....@........# #
##).∩.####..........##
#####..⌠.⌠# ##.####...##
.##.....)## .# #.##
.#...#.### #. #.# #..###.#
.# #.# #.## #.# ## #. ###
###


You could see a wyvern, a sky beast and a bullfrog.

Vanquished Creatures
  A hippogriff (D:7)
  A wyvern (D:8)
  3 orc warriors
  A centaur (D:7)
  An ogre (D:7)
  2 crocodiles
  4 bullfrogs
  A scorpion (D:6)
  5 orc priests
  A gnoll shaman (D:3)
  2 orc wizards
  Ijyb (D:3)
  3 worker ants
  A hound skeleton (D:5)
  Robin (D:2)
  8 gnolls
  3 adders
  2 shadow imps
  2 oozes (D:1)
  An adder zombie (D:6)
  A dart slug (D:1)
  3 leopard geckos
  20 orcs
  A ball python (D:1)
  11 giant cockroaches
  9 hobgoblins
  10 jackals
  4 quokkas
  8 bats
  6 frilled lizards
  14 goblins
  14 kobolds
  4 rats
149 creatures vanquished.

Notes
Turn   | Place    | Note
-------+----------+-------------------------------------------
     0 | D:1      | Destapler the Deep Elf Fire Elementalist began the quest
                  | for the Orb.
     0 | D:1      | Reached XP level 1. HP: 10/10 MP: 6/6
   109 | D:1      | Reached XP level 2. HP: 1/16 MP: 0/8
   614 | D:1      | Reached skill level 1 in Fighting
   725 | D:1      | Reached XP level 3. HP: 19/20 MP: 6/9
   941 | D:1      | Learned a level 3 spell: Conjure Flame
  1303 | D:2      | Reached XP level 4. HP: 25/25 MP: 2/11
  1406 | D:2      | Reached skill level 3 in Stealth
  1793 | D:2      | Noticed Robin
  1809 | D:2      | Killed Robin
  2487 | D:3      | Noticed Ijyb
  2557 | D:3      | Learned a level 2 spell: Throw Flame
  2651 | D:3      | Killed Ijyb
  2651 | D:3      | Reached XP level 5. HP: 14/29 MP: 0/13
  3177 | D:3      | Reached skill level 5 in Spellcasting
  3177 | D:3      | Reached XP level 6. HP: 34/34 MP: 8/15
  3209 | D:3      | Reached skill level 4 in Stealth
  3538 | D:3      | Noticed Grinder
  4679 | D:5      | Entered Level 5 of the Dungeon
  4996 | D:5      | Found a sacrificial altar of Ru.
  5223 | D:5      | Found Naasit's Gadget Shoppe.
  5336 | D:6      | Found a glowing drain.
  5374 | Sewer    | Entered a sewer
  5609 | Sewer    | Reached skill level 1 in Short Blades
  5609 | Sewer    | Reached skill level 1 in Evocations
  5734 | D:6      | Noticed an orc warrior
  5986 | D:6      | Found a staircase to the Ecumenical Temple.
  5992 | Temple   | Entered the Ecumenical Temple
  6122 | Temple   | Became a worshipper of Makhleb the Destroyer
  6179 | D:6      | Reached XP level 7. HP: 38/38 MP: 11/16
  6507 | D:6      | Reached skill level 5 in Stealth
  7200 | D:6      | Found Queggusu's Gadget Boutique.
  7424 | D:7      | Found a stormy altar of Qazlal.
  7500 | D:7      | Noticed a hippogriff
  7563 | D:7      | Reached skill level 6 in Stealth
  7606 | D:7      | Reached XP level 8. HP: 43/43 MP: 17/17
  7796 | D:7      | Reached skill level 7 in Stealth
  7853 | D:7      | HP: 1/43 [orc priest/divine providence (13)]
  8163 | D:7      | Killed a hippogriff
  8163 | D:7      | Reached skill level 5 in Short Blades
  8163 | D:7      | Reached skill level 8 in Stealth
  8474 | D:8      | Found Faineolu's Assorted Antiques.
  8476 | D:8      | Reached * piety under Makhleb
  8483 | D:8      | Bought a pair of boots for 99 gold pieces
  8490 | D:8      | Bought a fizzy red potion for 19 gold pieces
  8490 | D:8      | Bought a bubbling green potion for 19 gold pieces
  8498 | D:8      | Learned a level 5 spell: Fireball
  8604 | D:8      | Mangled by a wyvern

Skill      XL: |  1  2  3  4  5  6  7  8 |
---------------+-------------------------+-----
Fighting       | 1 |  1.4
Dodging        | 3 4 |  4.0
Stealth        | 3 4 6 8 |  8.9
Conjurations   | 2 3 4 |  4.0
Spellcasting   | 4 5 |  5.1
Fire Magic     | 4 |  4.2
Short Blades   | 1 3 5 |  5.9
Evocations     | 1 3 |  3.0

Action                   |  1- 3 |  4- 6 |  7- 9 || total
-------------------------+-------+-------+-------++-------
Melee: Unarmed           |     2 |       |       ||     2
       Whip              |    21 |    30 |       ||    51
       Dagger            |       |   138 |   110 ||   248
Throw: Stone             |     3 |    24 |    49 ||    76
 Cast: Flame Tongue      |    65 |   111 |    90 ||   266
       Conjure Flame     |     1 |    12 |     8 ||    21
       Throw Flame       |       |    20 |     5 ||    25
  Use: Scroll            |     1 |     7 |     2 ||    10
       Potion            |       |     1 |       ||     1
 Stab: Sleeping          |     2 |     9 |     4 ||    15
       Distracted        |       |     1 |       ||     1
  Eat: Chunk             |     1 |    10 |     5 ||    16
       Ration            |       |     3 |     1 ||     4
Armor: Robe              |    11 |    48 |    28 ||    87
Dodge: Dodged            |    53 |   150 |    85 ||   288
       Deflected         |       |       |     9 ||     9
